 Dungeon Crawl Stone Soup version 0.25.1-2-g60ff931df9 (webtiles) character file.

Game seed: 12340788522195923475

53 SilverPrince the Sneak (level 3, 0/29 HPs)
             Began as a Ghoul Wanderer on Aug 16, 2020.
             Slain by Natasha (5 damage)
             ... on level 2 of the Dungeon.
             The game lasted 00:06:52 (2512 turns).

SilverPrince the Sneak (Ghoul Wanderer)             Turns: 2512, Time: 00:06:53

Health: 0/29       AC:  2    Str: 16    XL:     3   Next: 87%
Magic:  2/2        EV: 11    Int:  8    God:
Gold:   59         SH:  0    Dex:  7    Spells: 2/2 levels left

rFire    . . .     SeeInvis .   a - +2 short sword
rCold    + . .     Gourm    .   (no shield)
rNeg     + + +     Faith    .   d - +0 robe
rPois    ∞         Spirit   .   (no helmet)
rElec    .         Reflect  .   (no cloak)
rCorr    .         Harm     .   (no gloves)
MR       .....                  (no boots)
Stlth    ++........             (no amulet)
HPRegen  0.00/turn              (no ring)
MPRegen  0.08/turn              (no ring)

@: rotting
A: rotting body, claws 1, carnivore, cold resistance 1, negative energy
resistance 3, inhibited regeneration, torment resistance, unbreathing
a: no special abilities


You were on level 2 of the Dungeon.
You were not hungry.

You visited 1 branch of the dungeon, and saw 2 of its levels.

You collected 59 gold pieces.

Inventory:

Hand Weapons
 a - a +2 short sword (weapon)
 b - a +0 spear
 e - a +0 dagger
Missiles
 g - 92 stones
 k - 4 poisoned darts (quivered)
 m - 10 sling bullets
 q - 8 curare-tipped darts
Armour
 d - a +0 robe (worn)
Jewellery
 i - an uncursed amulet of reflection
 p - a +6 ring of dexterity {unknown}
Scrolls
 c - 2 scrolls of magic mapping {unknown}
 j - a scroll of random uselessness {unknown}
 l - 2 scrolls of identify {unknown}
 o - a scroll of teleportation
 r - a scroll of fear {unknown}
Potions
 h - 2 potions of experience {unknown}
 n - 2 potions of curing
Comestibles
 f - 3 rations


   Skills:
 - Level 2.1 Fighting
 - Level 1.7 Short Blades
   Level 1.0 Bows
 * Level 1.7 Throwing
 - Level 1.0 Armour
 - Level 1.0 Dodging
 + Level 2.5 Stealth
   Level 1.0 Shields
 + Level 2.1 Unarmed Combat


You had 2 spell levels left.
You didn't know any spells.
Your spell library was empty.

Dungeon Overview and Level Annotations

Branches:
Dungeon (2/15)

Altars:
Sif Muna

Annotations:
D:2 Natasha


Innate Abilities, Weirdness & Mutations

Your body is rotting away.
You thrive on raw meat.
You are immune to poison.
You have sharp fingernails.
You are carnivorous and can eat meat at any time.
Your flesh is cold resistant. (rC+)
You are immune to negative energy. (rN+++)
You do not regenerate when monsters are visible.
You are immune to unholy pain and torment.
You can survive without breathing.


Message History

Natasha claws you.
* * * LOW HITPOINT WARNING * * *
Okay, then.
It was a potion of curing.
You feel better. Natasha misses you.
Throwing (i - inventory. (/) - cycle)
k - 5 poisoned darts (quivered)
Press: ? - help, Shift-Dir - straight line, f/p - Natasha
Aim: Natasha You throw a poisoned dart.
The poisoned dart closely misses Natasha.
Natasha claws you.
* * * LOW HITPOINT WARNING * * *
Natasha barely misses you. Natasha claws you.
* * * LOW HITPOINT WARNING * * *
Natasha wildly gestures.
Natasha glows brightly for a moment.
Natasha closely misses you.
There is a stone staircase leading down here.
Natasha claws you.
You die...

#################
#...............#
#.#############.#
#############.#...........#.#
........>..h@..........[#....
######.#####.#.#######.###..
#.# #.#.#.#####.# #.. #.#
#.#.#.......# #.. #.#
#<#.#.#########.. #.# #(#.#.#
#....... ######.#####.#.#.#
#.####.# ...((.(....##.#.#.#
#.# #.# .######.##.##.#.#.#
#.# #.#


You could see Natasha.

Vanquished Creatures
  An adder (D:2)
  An ooze (D:2)
  2 worms (D:2)
  2 ball pythons
  3 giant cockroaches (D:1)
  2 goblins (D:1)
  3 hobgoblins
  7 jackals (D:1)
  2 quokkas (D:2)
  2 kobolds (D:1)
  6 rats (D:1)
31 creatures vanquished.

Notes
Turn   | Place    | Note
-------+----------+-------------------------------------------
     0 | D:1      | SilverPrince the Ghoul Wanderer began the quest for the
                  | Orb.
     0 | D:1      | SilverPrince set off with the following items: a +2 short
                  | sword, a +0 spear, a scroll of teleportation, a +0 robe, a
                  | +0 dagger, a ration
     0 | D:1      | Reached XP level 1. HP: 16/16 MP: 0/0
   342 | D:1      | Reached skill level 1 in Unarmed Combat
   344 | D:1      | Reached XP level 2. HP: 23/23 MP: 1/1
   886 | D:1      | You fall into a shaft and drop 1 floor!
  1046 | D:2      | Found a shimmering blue altar of Sif Muna.
  1602 | D:1      | Reached XP level 3. HP: 17/29 MP: 2/2
  2491 | D:2      | Noticed Natasha
  2512 | D:2      | Slain by Natasha

Illustrated notes

Levels and vault maps discovered:
D:1:      saegor_arrival_simple_c, layout_basic
D:2:      layout_basic, lemuel_blue_sif_altar, uniq_natasha

Skill      XL: |  1  2  3 |
---------------+----------+-----
Unarmed Combat | 1 2 |  2.1
Fighting       | 2 |  2.1
Short Blades   | |  1.7
Bows           | |  1.0
Throwing       | |  1.7
Armour         | |  1.0
Dodging        | |  1.0
Stealth        | |  2.5
Shields        | |  1.0

Action                   || total
-------------------------++-------
Melee: Short sword       ||   101
Throw: Dart              ||    32
  Use: Scroll            ||     1
       Potion            ||     1
 Stab: Sleeping          ||     1
  Eat: Chunk             ||     7
Armor: Robe              ||    17
Dodge: Dodged            ||    51
